 Dungeon Crawl Stone Soup version 0.24-a0-528-g98e85ec62a (webtiles) character file.

Game seed: 8724269251820420199

7070 BinkBink the Blocker (level 10, -2/91 HPs)
             Began as a Deep Dwarf Berserker on Aug 5, 2019.
             Was a Priest of Trog.
             Killed from afar by an electric eel (3 damage)
             ... with a bolt of electricity
             ... on level 9 of the Dungeon.
             The game lasted 00:21:27 (7616 turns).

BinkBink the Blocker (Deep Dwarf Berserker)         Turns: 7616, Time: 00:21:28

Health: -2/91      AC: 17    Str: 25    XL:     10   Next: 84%
Magic:  7/7        EV:  6    Int:  7    God:    Trog [***...]
Gold:   552        SH: 25    Dex: 12    Spells: 9/9 levels left

rFire    . . .     SeeInvis .   a - +2 long sword (freeze)
rCold    . . .     Gourm    .   f - +6 large shield
rNeg     . . .     Faith    .   y - +0 plate armour
rPois    .         Spirit   .   g - +0 helmet
rElec    .         Reflect  .   (no cloak)
rCorr    .         Harm     .   p - +0 pair of gloves
MR       +....                  o - +1 pair of boots
Stlth    ..........             (no amulet)
HPRegen  0.00/turn              (no ring)
MPRegen  0.10/turn              (no ring)

@: non-regenerating
A: damage resistance, heal wounds, sense surroundings 2, no regeneration
a: Heal Wounds, Berserk, Trog's Hand, Renounce Religion


You were on level 9 of the Dungeon.
You worshipped Trog.
Trog was most pleased with you.
You were hungry.

You visited 1 branch of the dungeon, and saw 9 of its levels.
You also visited: Ossuary.

You collected 552 gold pieces.

Inventory:

Hand Weapons
 a - a +2 long sword of freezing (weapon)
Armour
 f - a +6 large shield (worn)
 g - a +0 helmet (worn)
 o - a +1 pair of boots (worn)
 p - a +0 pair of gloves (worn)
 y - a +0 plate armour (worn)
 H - a +2 pair of gloves
Wands
 q - a wand of enslavement (6)
Scrolls
 e - 6 scrolls of identify {unknown}
 i - 3 scrolls of immolation {unknown}
 j - 8 scrolls of remove curse {unknown}
 n - 5 scrolls of magic mapping {unknown}
 r - 2 scrolls of fog {unknown}
 s - 2 scrolls of enchant weapon {unknown}
 t - 4 scrolls of teleportation {unknown}
 A - a scroll of enchant armour
 B - a scroll of brand weapon {unknown}
 C - a scroll of random uselessness {unknown}
 E - a scroll of fear {unknown}
 F - a scroll of blinking {unknown}
Potions
 b - 3 potions of invisibility {unknown}
 d - 5 potions of flight {unknown}
 h - 2 potions of lignification {unknown}
 k - a potion of agility {unknown}
 l - 10 potions of degeneration
 m - 3 potions of heal wounds {unknown}
 u - 3 potions of resistance {unknown}
 v - a potion of might {unknown}
 w - 4 potions of haste
 x - 7 potions of curing {unknown}
 z - a potion of magic {unknown}
 D - a potion of brilliance {unknown}
Comestibles
 c - 10 rations
 G - a chunk of flesh


   Skills:
 + Level 6.0 Fighting
 + Level 9.9 Long Blades
 + Level 5.4 Armour
 + Level 4.9 Dodging
 + Level 2.8 Stealth
 + Level 11.4 Shields


You had 9 spell levels left.
You didn't know any spells.
Your spell library contained the following spells:

 Spells                   Type           Power        Failure   Level  Hunger
 Summon Small Mammal      Summ           #...         100%        1    ##.....
 Call Imp                 Summ           #.......     100%        2    ###....
 Call Canine Familiar     Summ           #.......     100%        3    ####...
 Summon Guardian Golem    Hex/Summ       #.......     100%        3    ####...
 Summon Ice Beast         Ice/Summ       #.......     100%        4    #####..
 Summon Lightning Spire   Summ/Air       #.......     100%        4    #####..


Dungeon Overview and Level Annotations

Branches:
Dungeon (9/15)             Temple (0/1) D:5
   Lair: D:8-11         Orc: D:9-12

Altars:
Dithmenos

Shops:
D:8 %

Portals:
Bailey: D:9

Annotations:
D:8 3 runed translucent doors, mishael's ghost, novice DrFi; motoroller71's ghost, novice HuFi; skumtomte's ghost, novice DEFE


Innate Abilities, Weirdness & Mutations

You are resistant to damage.
You can heal yourself by infusing magical energy.
You passively map the area around you.
You do not regenerate.


Message History

You are feeling hungry.
The electric eel shoots out a bolt of lightning at you!
The bolt of electricity hits you!
* * * LOW HITPOINT WARNING * * *
The electric eel shoots out a bolt of lightning at you!
The bolt of electricity hits you!
* * * LOW HITPOINT WARNING * * *
The electric eel shoots out a bolt of lightning at you!
The bolt of electricity hits you!
* * * LOW HITPOINT WARNING * * *
The electric eel shoots out a bolt of lightning at you!
The bolt of electricity misses you.
The electric eel shoots out a bolt of lightning at you!
The bolt of electricity hits you!
* * * LOW HITPOINT WARNING * * *
You fail to use your ability.
The electric eel shoots out a bolt of lightning at you!
The bolt of electricity hits the electric eel.
The electric eel completely resists.
The bolt of electricity hits you.
You die...

#.# #.....>.# #.............# #.#
#######.# #############.## #.#
##.######### #....... #.#
#..........# #.<...#. ###.#
#..#######.# #....... .††.#
####..#######.####.....#. ##†.#
?......##.........#.....#.
#..##........##.####)##.###.####
#.........#####@# #.##.##.#.##
##.##..?..###...# #h##.#.###.##
≈≈≈;;≈...........# #.....## ##.#
≈h≈≈≈≈≈....≈.....####......# #...
≈≈≈≈≈≈≈≈≈).≈.≈...>.##.##.##.#.###
h≈≈≈≈≈≈≈≈)≈;.$.....##.##.# ..#
;≈≈≈≈≈≈≈(≈≈≈≈....$.##.##.##.#
≈.≈h.≈≈.≈;≈≈≈≈...####.##.##.#
≈h....≈≈≈≈≈≈≈≈..............#####


You could see 2 electric eels.

Vanquished Creatures
  2 two-headed ogres
  Pikel (D:8)
  A troll (D:9)
  Sigmund (D:3)
  3 yaks (D:9)
  A spriggan (D:7)
  2 ice beasts
  2 orc warriors
  3 sky beasts
  A hornet zombie (D:6)
  A phantom (D:9)
  3 black bears
  A necrophage (D:9)
  2 wolves (D:9)
  5 ogres
  A centaur (D:8)
  A crocodile (D:9)
  A big kobold (D:9)
  An elf zombie (Ossuary)
  7 bullfrogs
  A water moccasin zombie (D:8)
  A scorpion (D:5)
  5 wights (D:6)
  3 crimson imps
  2 centaur zombies
  10 hounds
  A bullfrog zombie (D:9)
  2 jellies
  4 orc priests
  3 human zombies (Ossuary)
  A bullfrog skeleton (D:4)
  An iguana (D:5)
  4 orc wizards
  Ijyb (D:3)
  6 worker ants
  A killer bee zombie (D:6)
  2 big kobold zombies (Ossuary)
  A hound zombie (D:8)
  3 mummies
  A worker ant zombie (D:6)
  A howler monkey skeleton (D:4)
  11 adders
  4 gnolls
  2 oozes
  An adder zombie (D:5)
  An adder skeleton (D:9)
  5 worms
  3 dart slugs (D:1)
  6 leopard geckos
  26 orcs
  2 ball pythons
  5 giant cockroaches
  12 goblins
  6 hobgoblins
  6 jackals
  8 quokkas
  8 bats
  4 frilled lizards
  2 goblin zombies (Ossuary)
  12 hobgoblin zombies (Ossuary)
  A jackal zombie (Ossuary)
  6 kobolds
  9 kobold zombies (Ossuary)
  A leopard gecko zombie (D:5)
  4 orc zombies (Ossuary)
  A quokka skeleton (D:6)
  9 rats
  A rat zombie (Ossuary)
250 creatures vanquished.

Vanquished Creatures (others)
  A bullfrog zombie (D:8)
  An orc wizard (D:4)
2 creatures vanquished.

Grand Total: 252 creatures vanquished

Notes
Turn   | Place    | Note
-------+----------+-------------------------------------------
     0 | D:1      | BinkBink the Deep Dwarf Berserker began the quest for the
                  | Orb.
     0 | D:1      | Reached XP level 1. HP: 20/20 MP: 1/1
   142 | D:1      | Reached XP level 2. HP: 24/27 MP: 2/2
   269 | D:1      | Reached XP level 3. HP: 19/34 MP: 3/3
   340 | D:1      | Reached ** piety under Trog
   831 | D:2      | Found a shadowy altar of Dithmenos.
   962 | D:2      | Reached skill level 1 in Shields
   985 | D:2      | Reached XP level 4. HP: 24/42 MP: 4/4
  1505 | D:2      | You fall into a shaft and drop 1 floor!
  1523 | D:3      | Noticed Sigmund
  1562 | D:3      | HP: 2/42 [something (6)]
  1570 | D:3      | Killed Sigmund
  1570 | D:3      | Reached skill level 1 in Stealth
  1570 | D:3      | Reached skill level 2 in Shields
  1570 | D:3      | Reached XP level 5. HP: 21/50 MP: 5/5
  1570 | D:3      | Reached XP level 6. HP: 24/57 MP: 6/6
  1778 | D:3      | Noticed Ijyb
  1793 | D:3      | Killed Ijyb
  1843 | D:3      | Found a faded altar of an unknown god.
  2277 | D:3      | Reached skill level 5 in Long Blades
  2494 | D:3      | Reached *** piety under Trog
  2726 | D:4      | Reached skill level 3 in Shields
  2889 | D:4      | Found a sand-covered staircase.
  2912 | Ossuary  | Entered an ossuary
  3120 | Ossuary  | Reached XP level 7. HP: 62/63 MP: 5/5
  3193 | Ossuary  | Reached skill level 4 in Shields
  3855 | D:4      | Reached XP level 8. HP: 65/72 MP: 6/6
  4043 | D:5      | Entered Level 5 of the Dungeon
  4151 | D:5      | Reached skill level 5 in Shields
  4448 | D:5      | Reached skill level 6 in Shields
  4508 | D:5      | Reached **** piety under Trog
  4923 | D:5      | Found a staircase to the Ecumenical Temple.
  5097 | D:6      | Reached skill level 7 in Shields
  5396 | D:6      | Gained mutation: You passively map the area around you.
                  | [Deep Dwarf growth]
  5396 | D:6      | Reached XP level 9. HP: 69/79 MP: 7/7
  5727 | D:7      | Noticed a two-headed ogre
  5746 | D:7      | Killed a two-headed ogre
  5746 | D:7      | Reached skill level 5 in Fighting
  5746 | D:7      | Reached skill level 8 in Shields
  6396 | D:8      | Reached skill level 9 in Shields
  6433 | D:8      | Found Oroutre's Food Emporium.
  6486 | D:8      | Noticed a two-headed ogre
  6513 | D:8      | Killed a two-headed ogre
  6513 | D:8      | Reached XP level 10. HP: 70/88 MP: 7/7
  6572 | D:8      | Reached skill level 10 in Shields
  6574 | D:8      | Reached skill level 5 in Armour
  6642 | D:8      | Noticed skumtomte's ghost (novice DEFE)
  6642 | D:8      | Noticed mishael's ghost (novice DrFi)
  6642 | D:8      | Noticed motoroller71's ghost (novice HuFi)
  6643 | D:8      | Found a runed translucent gate.
  6643 | D:8      | Found a runed translucent gate.
  6643 | D:8      | Found a runed translucent gate.
  6815 | D:8      | Noticed Pikel
  6833 | D:8      | Killed Pikel
  7241 | D:9      | Found a flagged portal.
  7390 | D:9      | Reached skill level 11 in Shields
  7615 | D:9      | HP: 1/91 [electric eel/bolt of electricity (11)]
  7616 | D:9      | Killed from afar by an electric eel

Levels and vault maps discovered:
D:1:      matt_arrival_grand_opening, layout_basic, minmay_misc_feat_alley,
          serial_bayou_lake_a
D:2:      layout_loops_ring, lemuel_crystal_altar, first_ration,
          minmay_misc_feat_iff
D:3:      layout_basic, chequers_ecumenical_altar_simple_redux,
          chequers_serial_rivers_micro_a, grunt_ministairs_5, minmay_distorted,
          uniq_sigmund, uniq_ijyb
D:4:      layout_loops_ring, gup_ossuary_entry_pyramid,
          wad_floor_pattern_untrapped
D:5:      layout_basic, minmay_temple_entry_poolview, guppyfry_early_orc_mine
D:6:      layout_gridville
D:7:      layout_basic, the_bakery, hangedman_decor_push
D:8:      layout_rooms, gammafunk_ghost_cemetery, serial_shops,
          kennysheep_little_box, minmay_misc_feat_room, grunt_ministairs_2,
          uniq_pikel
D:9:      layout_loops_ring, erik_lair_island, enter_bailey_7, st_stairs_11

Skill      XL: |  1  2  3  4  5  6  7  8  9 10 |
---------------+-------------------------------+-----
Fighting       | 3 4 5 6 |  6.0
Shields        | 1 2 3 4 7 9 11 | 11.4
Long Blades    | 4 5 6 7 8 9 |  9.9
Dodging        | 3 4 |  4.9
Stealth        | 1 2 |  2.8
Armour         | 3 4 5 |  5.4

Action                   |  1- 3 |  4- 6 |  7- 9 | 10-12 || total
-------------------------+-------+-------+-------+-------++-------
Melee: Falchion          |   125 |   381 |   620 |       ||  1126
       Long sword        |       |       |   176 |   261 ||   437
Invok: Trog's Hand       |     1 |    12 |    12 |     9 ||    34
       Berserk           |       |       |     1 |       ||     1
 Abil: Heal Wounds       |       |     3 |     6 |       ||     9
  Use: Scroll            |       |       |     6 |       ||     6
 Stab: Sleeping          |     2 |     4 |       |       ||     6
  Eat: Chunk             |       |     7 |     3 |     5 ||    15
       Ration            |       |     2 |     4 |     1 ||     7
Armor: Animal skin       |    27 |    31 |       |       ||    58
       Ring mail         |       |    77 |    66 |       ||   143
       Plate armour      |       |       |   172 |    71 ||   243
Dodge: Dodged            |    53 |    96 |    96 |    23 ||   268
Block: Large shield      |    68 |   309 |   721 |   298 ||  1396
       Rpst.: Falchion   |    18 |    28 |    23 |       ||    69
       Long sword        |       |       |     3 |     7 ||    10

Table legend:
 A = Non-vault XP
 B = Vault XP
 C = Vault XP percentage of total XP
 D = Non-vault monster count
 E = Vault monster count
 F = Vault count percentage of total count
                 A         B        C        D         E       F
            +---------+---------+-------+---------+---------+-------
      Total |    7379 |    2722 |  26.9 |     183 |      68 |  27.1
            +---------+---------+-------+---------+---------+-------
        D:1 |      63 |       0 |   0.0 |      26 |       0 |   0.0
        D:2 |      79 |       0 |   0.0 |      26 |       0 |   0.0
        D:3 |      72 |     300 |  80.6 |      26 |       6 |  18.8
        D:4 |     524 |      18 |   3.3 |      23 |       1 |   4.2
        D:5 |     583 |     234 |  28.6 |      17 |       7 |  29.2
        D:6 |     709 |       0 |   0.0 |      13 |       0 |   0.0
        D:7 |    1219 |     211 |  14.8 |       8 |       1 |  11.1
        D:8 |    1876 |     754 |  28.7 |      21 |       3 |  12.5
        D:9 |    2254 |     816 |  26.6 |      23 |      12 |  34.3
    Ossuary |       0 |     389 | 100.0 |       0 |      38 | 100.0
            +---------+---------+-------+---------+---------+-------
